 Dungeon Crawl Stone Soup version 0.32-a0-17-gb74e046682 (webtiles) character file.

Game seed: 15114582557821684671

6449 yokelz the Nimble (level 10, -5/96 HPs)
             Began as a Troll Cinder Acolyte on Jan 15, 2024.
             Was an Elder of Ignis.
             Slain by a troll (9 damage)
             ... on level 9 of the Dungeon.
             The game lasted 00:12:14 (6830 turns).

yokelz the Nimble (Troll Cinder Acolyte)            Turns: 6830, Time: 00:12:15

Health: -5/96      AC:  4    Str: 24    XL:     10   Next: 67%
Magic:  10/10      EV: 13    Int: 10    God:    Ignis [****..]
Gold:   600        SH:  0    Dex:  9    Spells: 11/11 levels left

rFire   + .          .
                       - Unarmed
rCold   . . .        (no shield)
rNeg    . . .        a - +0 robe
rPois   .            (helmet restricted)
rElec   .            (no cloak)
rCorr   .            (gloves unavailable)
SInv    .            (boots unavailable)
Will    +....        (no amulet)
Stlth   +            b - ring of willpower
HPRegen 1.16/turn    (no ring)
MPRegen 0.12/turn

%: no passive effects
@: no status effects
A: large, unfitting armour, claws 3, regeneration 1, shaggy fur 1, tough skin 1
a: Renounce Religion, Fiery Armour, Foxfire Swarm, Rising Flame


You were on level 9 of the Dungeon.
You worshipped Ignis.
Ignis was greatly pleased with you.
You visited 1 branch of the dungeon, and saw 10 of its levels.

You collected 600 gold pieces.

Inventory:

Missiles
 r - 23 poisoned darts (quivered)
 t - a throwing net
Armour
 a - a +0 robe (worn)
Jewellery
 b - a ring of willpower (left claw)
 f - a +6 ring of dexterity
 l - a ring of positive energy
 q - a ring of magical power
Wands
 m - a wand of digging (3)
 u - a wand of iceblast (4)
 y - a wand of light (8)
Scrolls
 c - a scroll of revelation
 e - a scroll of vulnerability
 h - 2 scrolls of silence
 i - a scroll of fog
 j - a scroll of poison
 k - 2 scrolls of amnesia
 o - a scroll of enchant armour
 s - 3 scrolls of noise
 w - a scroll of enchant weapon
Potions
 d - 4 potions of mutation
 g - a potion of cancellation
 n - a potion of curing
 p - a potion of degeneration {unknown}
 v - a potion of heal wounds
 x - a potion of haste {unknown}
 z - a potion of might {unknown}


   Skills:
 - Level 5.0 Fighting
 + Level 11.3 Dodging
 - Level 8.0 Unarmed Combat
 - Level 1.0 Spellcasting
 - Level 2.1 Fire Magic


You had 11 spell levels left.
You didn't know any spells.
Your spell library contained the following spells:

 Spells                   Type           Power      Damage    Failure   Level
 Scorch                   Fire           8%         2d5       22%         2
 Magic Dart               Conj           0%         1d3       34%         1
 Blink                    Tloc           0%         N/A       45%         2
 Call Imp                 Summ           0%         N/A       45%         2
 Lesser Beckoning         Tloc           0%         N/A       45%         2
 Summon Ice Beast         Ice/Summ       0%         N/A       71%         3
 Summon Lightning Spire   Summ/Air       0%         N/A       98%         4
 Vhi's Electric Charge    Tloc/Air       0%         N/A       98%         4
 Summon Mana Viper        Hex/Summ       0%         N/A       100%        5
 Monstrous Menagerie      Summ           0%         N/A       100%        7
 Disjunction              Tloc           0%         N/A       100%        8


Dungeon Overview and Level Annotations

Branches:
Dungeon (10/15)            Temple (0/1) D:6            Lair (0/5) D:8
    Orc: D:9-12

Altars:
Gozag
Makhleb
Ru
Uskayaw
Xom

Annotations:
D:4 1 runed translucent door, Pim's ghost, novice OpFi


Innate Abilities, Weirdness & Mutations

You are too large for most types of armour.
You have claws for hands.
Your natural rate of healing is unusually fast.
You are covered in fur. (AC +1)
You have tough skin. (AC +1)


Message History

There is a stone staircase leading down here.
You open the door.
A troll comes into view.
The troll shouts!
There is an open door here.
The troll barely misses you. x2; The troll closely misses you.
You closely miss the troll. You claw the troll!
The troll is moderately wounded.
The troll bites you! The troll claws you. x2
You claw the troll!
The troll is severely wounded.
The troll barely misses you. The troll claws you! The troll closely misses you.
You closely miss the troll.
The troll is heavily wounded.
The troll bites you! The troll claws you! x2
You closely miss the troll.
The troll is heavily wounded.
The troll bites you. The troll claws you but does no damage.
The troll claws you.
You claw the troll!
The troll is severely wounded.
The troll bites you!
* * * LOW HITPOINT WARNING * * *
The troll claws you.
* * * LOW HITPOINT WARNING * * *
The troll claws you.
* * * LOW HITPOINT WARNING * * *
You closely miss the troll.
The troll is severely wounded.
The troll bites you.
* * * LOW HITPOINT WARNING * * *
The troll claws you.
* * * LOW HITPOINT WARNING * * *
The troll barely misses you.
You barely miss the troll. Your claw misses the troll.
The troll is severely wounded.
The troll closely misses you. The troll claws you.
* * * LOW HITPOINT WARNING * * *
The troll claws you!
You die...

.# #...#......#
.#######...#......#
.#.....'...#......#
.#.#####...#......#
.#.# #............+
.#.###.#.#####....#
.#..)#.#.#...'....+
.#..)[.#.#.###....#####
.#...###.#......@T....#
...[.+ #.##############
##...# #.# #...# .#
#####


You could see a troll.

Vanquished Creatures
  3 death yaks (D:8)
  Pikel (D:9)
  Joseph (D:9)
  Sigmund (D:4)
  8 yaks
  A steam dragon (D:7)
  Menkaure (D:4)
  2 water moccasins (D:6)
  A black bear (D:4)
  An orc warrior (D:9)
  2 centaurs
  2 kobold brigands
  2 gnoll sergeants
  4 scorpions
  3 wights (D:8)
  5 killer bees (D:8)
  A crimson imp (D:3)
  2 jellies
  7 orc priests
  2 bombardier beetles
  A gnoll bouda (D:6)
  A hound (D:5)
  2 sleepcaps (D:6)
  Terence (D:3)
  2 iguanas
  5 orc wizards
  Robin (D:3)
  9 gnolls
  6 adders
  2 shadow imps (D:7)
  A white imp (D:6)
  2 ufetubi (D:5)
  A dart slug (D:4)
  28 orcs
  13 endoplasms
  4 giant cockroaches
  4 goblins
  12 hobgoblins
  4 jackals (D:1)
  14 kobolds
  A quokka (D:3)
  6 ball pythons
  7 bats
  2 frilled lizards
  4 rats
183 creatures vanquished.

Vanquished Creatures (others)
  28 foxfires (D:8)
28 creatures vanquished.

Grand Total: 211 creatures vanquished

Notes
Turn   | Place    | Note
-------+----------+-------------------------------------------
     0 | D:1      | yokelz the Troll Cinder Acolyte began the quest for the
                  | Orb.
     0 | D:1      | Reached XP level 1. HP: 22/22 MP: 1/1
   218 | D:1      | Reached XP level 2. HP: 29/29 MP: 2/2
   536 | D:1      | Reached XP level 3. HP: 31/36 MP: 3/3
   635 | D:1      | Found a faded altar of an unknown god.
  1351 | D:3      | Found a sacrificial altar of Ru.
  1364 | D:3      | Reached XP level 4. HP: 34/45 MP: 4/4
  1532 | D:3      | Noticed Terence
  1541 | D:3      | Killed Terence
  1542 | D:3      | Noticed Robin
  1550 | D:3      | Reached skill level 5 in Unarmed Combat
  1550 | D:3      | Reached XP level 5. HP: 44/53 MP: 5/5
  1555 | D:3      | Killed Robin
  1985 | D:3      | Found a shimmering altar of Xom.
  1985 | D:3      | Found a burning altar of Makhleb.
  2163 | D:4      | Noticed a black bear
  2169 | D:4      | Killed a black bear
  2170 | D:4      | Reached XP level 6. HP: 50/62 MP: 6/6
  2246 | D:4      | Found an opulent altar of Gozag.
  2262 | D:4      | Found an opulent altar of Gozag.
  2262 | D:4      | Found an opulent altar of Gozag.
  2269 | D:4      | Found an opulent altar of Gozag.
  2322 | D:4      | Got Icirghaj's Codex of Position and Companions
  2440 | D:4      | Noticed Sigmund
  2451 | D:4      | Killed Sigmund
  2497 | D:4      | Found a runed translucent door.
  2505 | D:4      | Noticed Pim's ghost (novice OpFi)
  2507 | D:4      | Noticed Menkaure
  2517 | D:4      | Killed Menkaure
  2518 | D:4      | Reached XP level 7. HP: 49/71 MP: 7/7
  3031 | D:5      | Entered Level 5 of the Dungeon
  3139 | D:5      | Found a hide-covered altar of Uskayaw.
  3713 | D:6      | Reached skill level 5 in Fighting
  3871 | D:6      | Found a staircase to the Ecumenical Temple.
  3886 | D:6      | Identified the +0 long sword "Teups" {elec, MP+9 Dex+4}
  3908 | D:6      | Reached skill level 2 in Dodging
  3908 | D:6      | Reached XP level 8. HP: 8/80 MP: 8/8
  3908 | D:6      | HP: 2/80 [poisoned by a water moccasin]
  4029 | D:6      | Identified the +4 quarterstaff "Asteleuf" {flame, Stlth+}
  4076 | D:6      | Reached skill level 3 in Dodging
  4835 | D:7      | Reached skill level 4 in Dodging
  5114 | D:7      | You fall into a shaft and drop 3 floors!
  5114 | D:10     | Entered Level 10 of the Dungeon
  5129 | D:10     | Reached skill level 5 in Dodging
  5140 | D:10     | Reached skill level 6 in Dodging
  5219 | D:9      | Reached XP level 9. HP: 76/88 MP: 9/9
  5736 | D:7      | Reached skill level 7 in Dodging
  5975 | D:8      | Noticed a death yak
  5978 | D:8      | Noticed a death yak
  5983 | D:8      | Noticed a death yak
  5991 | D:8      | Killed a death yak
  5992 | D:8      | Reached skill level 8 in Dodging
  6070 | D:8      | Killed a death yak
  6071 | D:8      | Reached skill level 9 in Dodging
  6071 | D:8      | Reached XP level 10. HP: 96/96 MP: 10/10
  6078 | D:8      | Killed a death yak
  6079 | D:8      | Reached skill level 10 in Dodging
  6281 | D:8      | Found a staircase to the Lair.
  6612 | D:9      | Noticed Pikel
  6625 | D:9      | Killed Pikel
  6626 | D:9      | Reached skill level 11 in Dodging
  6655 | D:9      | Noticed Joseph
  6670 | D:9      | Killed Joseph
  6830 | D:9      | HP: 4/96 [troll (6)]
  6830 | D:9      | Slain by a troll

Illustrated notes

Levels and vault maps discovered:
D:1:      onia_arrival_pentagram, layout_loops_ring, basic_ecumenical_altar,
          kennysheep_small_spiral
D:2:      layout_basic
D:3:      layout_rooms, grunt_temple_overflow_champion_of_chaos,
          nicolae_ru_sacrificial_ziggurat, uniq_terence, uniq_robin
D:4:      layout_basic, nicolae_gozag_conspicuous_consumption,
          ebering_ghost_sewer_d, uniq_menkaure, uniq_sigmund
D:5:      layout_loops_ring, old_standard_altar
D:6:      layout_rooms, minmay_temple_entry_wispy,
          serial_library_hellmonk_reading_circle, nicolae_zig_zag_zippers
D:7:      layout_cave_pods
D:8:      layout_rooms, dpeg_lair_monsters
D:9:      layout_basic, kennysheep_another_room, uniq_pikel, uniq_joseph
D:10:     minmay_goldmine, layout_stronghold, grunt_temple_overflow_open,
          david_orc_2, enter_bailey_5

Skill      XL: |  1  2  3  4  5  6  7  8  9 10 |
---------------+-------------------------------+-----
Unarmed Combat | 4 5 7 8 |  8.0
Fighting       | 3 4 5 |  5.0
Dodging        | 2 6 9 11 | 11.3
Spellcasting   | |  1.0
Fire Magic     | |  2.1

Action                     |  1- 3 |  4- 6 |  7- 9 | 10-12 || total
---------------------------+-------+-------+-------+-------++-------
  Melee: Unarmed           |   112 |   124 |   255 |    83 ||   574
         Punch             |     2 |     1 |    10 |     3 ||    16
 Invoke: Foxfire Swarm     |       |       |     1 |     2 ||     3
         Fiery Armour      |       |       |     1 |       ||     1
    Use: Scroll            |       |       |    13 |     1 ||    14
         Potion            |       |       |     5 |     3 ||     8
 Armour: Robe              |    64 |    86 |   195 |   115 ||   460
  Dodge: Dodged            |    59 |    44 |   132 |    88 ||   323

Table legend: (Time is in decaauts)
 A = Elapsed time spent in this place.
 B = Non-inter-level travel time spent in this place.
 C = Inter-level travel time spent in this place.
 D = Time resting spent in this place.
 E = Time spent auto-exploring this place.
 F = Levels seen in this place.
 G = Mean time per level.
                   A        B        C        D        E       F      G
               +--------+--------+--------+--------+--------+-----+--------+
         Total |   6774 |   6568 |    206 |    906 |   4438 |  10 |  677.4 |
       Dungeon |   6774 |   6568 |    206 |    906 |   4438 |  10 |  677.4 |
               +--------+--------+--------+--------+--------+-----+--------+

Top non-repeatable levels by time:
     D:7: 1242 daAuts
     D:4: 862 daAuts
     D:3: 820 daAuts
     D:1: 773 daAuts
     D:8: 760 daAuts
     D:6: 693 daAuts
     D:5: 660 daAuts
     D:2: 543 daAuts
     D:9: 325 daAuts
    D:10: 90 daAuts
